[Event "GambitGuide"]
[Site "Internet Chess Club"]
[Date "2014.10.31"]
[Round "1"]
[White "JSBach"]
[Black "tazmanfox66"]
[Result "1-0"]
[ICCResult "Black resigns"]
[WhiteElo "1757"]
[BlackElo "1524"]
[Opening "Vienna: `Frankenstein-Dracula' variation"]
[ECO "C27"]
[NIC "VG.02"]
[Time "18:56:10"]
[TimeControl "120+12"]

1. e4 e5 2. Nc3 Nf6 3. Bc4 Nxe4 4. Qh5 Nd6 5. Bb3 Nc6 6. Nb5 g6 7. Qf3 f5 8.
Qd5 Qe7 9. Nxc7+ Kd8 10. Nxa8 b6 11. d3 Bb7 12. Nxb6 axb6 13. Qf3 Kc7 14.
Bd2 Nd4 15. Qg3 f4 16. Qg4 h5 17. Qxg6 Nxb3 18. axb3 e4 19. Bxf4 Bg7 20.
Bxd6+ Qxd6 21. Qxg7 Re8 22. Qf7 Re7 23. Qc4+ Kb8 24. d4 e3 25. f3 Qf4 26.
Qb4 Qg5 27. Qxb6 Re6 28. Qa7+ Kc7 29. g3 Qb5 30. Ne2 Ra6 31. Rxa6 Qxa6 32.
Qxa6 Bxa6 33. b4 Bxe2 34. Kxe2 d5 35. Kxe3 Kb6 36. g4 Kb5 37. gxh5 Kxb4 38.
h6 Kc4 39. h7 {Black resigns} 1-0

[Event "GambitGuide"]
[Site "Internet Chess Club"]
[Date "2014.10.31"]
[Round "1"]
[White "JSBach"]
[Black "Agnuti"]
[Result "1-0"]
[ICCResult "Black resigns"]
[WhiteElo "1757"]
[BlackElo "1385"]
[Opening "Vienna: `Frankenstein-Dracula' variation"]
[ECO "C27"]
[NIC "VG.02"]
[Time "18:55:40"]
[TimeControl "120+12"]

1. e4 e5 2. Nc3 Nf6 3. Bc4 Nxe4 4. Qh5 Nd6 5. Bb3 Nc6 6. Nb5 g6 7. Qf3 f5 8.
Qd5 Qe7 9. Nxc7+ Kd8 10. Nxa8 b6 11. d3 h6 12. Ba4 g5 13. Bxc6 dxc6 14. Qxc6
Bb7 15. Qc7+ Qxc7 16. Nxc7 Kxc7 17. f3 e4 18. d4 exf3 19. Nxf3 Ne4 20. Ne5
Bd6 21. Rf1 f4 22. Nf7 Re8 23. Nxd6 Nxd6+ 24. Kf2 Ne4+ 25. Kg1 Bd5 26. c3
Bc4 27. Rd1 Rf8 28. a4 f3 29. gxf3 Rxf3 30. Re1 Bd5 31. c4 Bb7 32. d5 Nc5
33. Kg2 g4 34. Bxh6 Rb3 35. Bf4+ Kd7 36. Rab1 a6 37. a5 b5 38. Be5 bxc4 39.
Kg1 Nd3 40. Re2 Bxd5 41. Rf1 Kc6 42. Rf6+ Kb5 43. Rf5 Nc1 44. Rd2 Rd3 45.
Bc3 Rxd2 46. Bxd2 Ne2+ 47. Kf2 Nd4 48. Rxd5+ {Black resigns} 1-0

[Event "GambitGuide"]
[Site "Internet Chess Club"]
[Date "2014.10.31"]
[Round "1"]
[White "JSBach"]
[Black "BostonStrangler"]
[Result "0-1"]
[ICCResult "White checkmated"]
[WhiteElo "1757"]
[BlackElo "2068"]
[Opening "Vienna: `Frankenstein-Dracula' variation"]
[ECO "C27"]
[NIC "VG.02"]
[Time "18:50:15"]
[TimeControl "120+12"]

1. e4 e5 2. Nc3 Nf6 3. Bc4 Nxe4 4. Qh5 Nd6 5. Bb3 Nc6 6. Nb5 g6 7. Qf3 f5 8.
Qd5 Qe7 9. Nxc7+ Kd8 10. Nxa8 b6 11. d3 Nd4 12. f4 Bb7 13. Qxe5 Bxg2 14. Be3
Bg7 15. Qxe7+ Kxe7 16. Nxb6 axb6 17. Bxd4 Bxd4 18. c3 Bf6 19. Kd2 Bxh1 20.
a4 Ra8 21. Rf1 Bg2 22. Re1+ Kf8 23. Ne2 Bc6 24. Ra1 Nb7 25. d4 b5 26. d5 Nc5
27. Ba2 Rxa4 28. dxc6 dxc6 29. Kc2 Kg7 30. b3 Ra8 31. b4 Re8 32. Kd2 Ne4+
33. Kc2 Rd8 34. Kb3 Rd2 35. Re1 Bh4 36. Ng3 Rxh2 37. Rxe4 fxe4 38. Nxe4 h5
39. Ka3 Be1 40. Nd6 h4 41. c4 Rxa2+ 42. Kxa2 h3 43. Ne8+ Kf7 44. Nd6+ Ke6
45. Nb7 h2 46. Nd8+ Kd7 47. Nf7 h1=Q 48. Ne5+ Ke6 49. cxb5 cxb5 50. Kb3 Bxb4
51. Kxb4 Qe4+ 52. Kxb5 Qxf4 53. Nc6 g5 54. Kb6 Qd6 55. Kb5 g4 56. Na5 Qd5+
57. Kb6 Qxa5+ 58. Kxa5 g3 59. Kb4 g2 60. Kc4 g1=Q 61. Kc3 Qe1+ 62. Kd4 Qe2
63. Kc3 Kd5 64. Kb4 Qc2 65. Kb5 Qc4+ 66. Ka5 Qb3 67. Ka6 Kc6 68. Ka5 Qb5#
{White checkmated}
0-1

[Event "GambitGuide"]
[Site "Internet Chess Club"]
[Date "2014.10.31"]
[Round "1"]
[White "JSBach"]
[Black "Drunxican"]
[Result "1-0"]
[ICCResult "Black resigns"]
[WhiteElo "1757"]
[BlackElo "1518"]
[Opening "Vienna: `Frankenstein-Dracula' variation"]
[ECO "C27"]
[NIC "VG.02"]
[Time "18:58:08"]
[TimeControl "120+12"]

1. e4 e5 2. Nc3 Nf6 3. Bc4 Nxe4 4. Qh5 Nd6 5. Bb3 Nc6 6. Nb5 g6 7. Qf3 f5 8.
Qd5 Qe7 9. Nxc7+ Kd8 10. Nxa8 b6 11. d3 Bb7 12. Nxb6 axb6 13. Qf3 Nd4 14.
Qg3 Bg7 15. Bg5 Bf6 16. Bxf6 Qxf6 17. Ba4 e4 18. dxe4 Nxe4 19. Qb8+ Bc8 20.
c3 Nc6 21. Qxb6+ Ke7 22. Bxc6 dxc6 23. Qc7+ Bd7 24. Rd1 Rd8 25. f3 Nd6 26.
Kf1 c5 27. Re1+ Kf7 28. Rd1 Ke7 29. Qxc5 Bb5+ 30. Kf2 f4 31. Rxd6 Qh4+ 32.
g3 fxg3+ 33. hxg3 Qxh1 34. Qe5+ {Black resigns} 1-0

[Event "GambitGuide"]
[Site "Internet Chess Club"]
[Date "2014.10.31"]
[Round "1"]
[White "JSBach"]
[Black "Drunxican"]
[Result "1-0"]
[ICCResult "Black resigns"]
[WhiteElo "1736"]
[BlackElo "1518"]
[Opening "Vienna: `Frankenstein-Dracula' variation"]
[ECO "C27"]
[NIC "VG.02"]
[Time "18:59:27"]
[TimeControl "120+12"]

1. e4 e5 2. Nc3 Nf6 3. Bc4 Nxe4 4. Qh5 Nd6 5. Bb3 Nc6 6. Nb5 g6 7. Qf3 f5 8.
Qd5 Qe7 9. Nxc7+ Kd8 10. Nxa8 b6 11. d3 Bb7 12. Nxb6 axb6 13. Qf3 Bg7 14.
Be3 Nd4 15. Qh3 f4 16. Bxd4 exd4+ 17. Kf1 Nf5 18. Ne2 Rf8 19. Nxf4 h5 20.
Nxg6 {Black resigns} 1-0

[Event "GambitGuide"]
[Site "Internet Chess Club"]
[Date "2014.10.31"]
[Round "1"]
[White "JSBach"]
[Black "tazmanfox66"]
[Result "1-0"]
[ICCResult "Black resigns"]
[WhiteElo "1736"]
[BlackElo "1524"]
[Opening "Vienna: `Frankenstein-Dracula' variation"]
[ECO "C27"]
[NIC "VG.02"]
[Time "18:58:40"]
[TimeControl "120+12"]

1. e4 e5 2. Nc3 Nf6 3. Bc4 Nxe4 4. Qh5 Nd6 5. Bb3 Nc6 6. Nb5 g6 7. Qf3 f5 8.
Qd5 Qe7 9. Nxc7+ Kd8 10. Nxa8 b6 11. d3 Bb7 12. Nxb6 axb6 13. Qf3 Bg7 14.
Be3 e4 15. Bxb6+ Kc8 16. Qe3 exd3 17. cxd3 Qxe3+ 18. fxe3 Ne5 19. Rc1+ Kb8
20. Bc7+ Ka8 21. Rc2 Nxd3+ 22. Ke2 Nb4 23. Bxd6 Nxc2 24. Nf3 Bxf3+ 25. gxf3
Bxb2 26. Bxc2 Rc8 27. Ba4 Kb7 28. Rb1 Ka6 29. Rxb2 Ka5 30. Bxd7 Rc1 31. e4
fxe4 32. fxe4 Rg1 33. Bc7+ Ka6 34. Bc8+ Ka7 35. Bb6+ Ka8 36. Bxg1 h5 37. Be6
{Black resigns}
1-0

[Event "GambitGuide"]
[Site "Internet Chess Club"]
[Date "2014.10.31"]
[Round "1"]
[White "JSBach"]
[Black "sibirica"]
[Result "0-1"]
[ICCResult "White checkmated"]
[WhiteElo "1736"]
[BlackElo "2349"]
[Opening "Vienna: `Frankenstein-Dracula' variation"]
[ECO "C27"]
[NIC "VG.02"]
[Time "18:57:57"]
[TimeControl "120+12"]

1. e4 e5 2. Nc3 Nf6 3. Bc4 Nxe4 4. Qh5 Nd6 5. Bb3 Nc6 6. Nb5 g6 7. Qf3 f5 8.
Qd5 Qe7 9. Nxc7+ Kd8 10. Nxa8 b6 11. d3 Bb7 12. Nxb6 axb6 13. Qf3 Nd4 14.
Qh3 Bg7 15. Be3 e4 16. dxe4 Nxe4 17. Rd1 Nxb3 18. cxb3 f4 19. Bxb6+ Ke8 20.
Ne2 Qb4+ 21. Nc3 Nxc3 22. Qxd7+ Kf8 23. Qd8+ Kf7 24. Qc7+ Qe7+ 25. Qxe7+
Kxe7 26. Bc5+ Ke6 27. Rd6+ Kf5 28. bxc3 Bxc3+ 29. Kf1 Re8 30. Rd1 Ba6+ 31.
Kg1 Be2 32. Rd7 Bb5 33. Rf7+ Ke6 34. Rxh7 Kd5 35. Be7 Bf6 36. a4 Bd3 37. Rh3
Ba6 38. Bb4 Re4 39. Bd2 Re2 40. Rh7 Ke6 41. Ra7 Bd3 42. Ba5 Bd4 43. g3 f3
44. h4 Bxf2+ 45. Kh2 Bxa7+ 46. Kh3 Rg2 47. Re1+ Kf7 48. g4 f2 49. Kxg2
fxe1=Q 50. Bxe1 Bc2 51. g5 Bxb3 52. a5 Bc4 53. Bf2 Bxf2 54. Kxf2 Ke6 55. Ke1
Kf5 56. Kd2 Kg4 57. Kc3 Ba6 58. Kb3 Kxh4 59. Ka4 Kxg5 60. Kb4 Kf4 61. Kc3 g5
62. Kd2 g4 63. Kd1 g3 64. Ke1 Kf3 65. Kd2 g2 66. Kc3 g1=Q 67. Kb3 Qc5 68.
Ka4 Qb5+ 69. Ka3 Ke3 70. Ka2 Kd3 71. Ka3 Kc3 72. Ka2 Qb2# {White checkmated}
0-1

[Event "GambitGuide"]
[Site "Internet Chess Club"]
[Date "2014.10.31"]
[Round "1"]
[White "JSBach"]
[Black "imortaliss"]
[Result "1/2-1/2"]
[ICCResult "Game drawn because neither player has mating material"]
[WhiteElo "1736"]
[BlackElo "2010"]
[Opening "Vienna: `Frankenstein-Dracula' variation"]
[ECO "C27"]
[NIC "VG.02"]
[Time "18:56:32"]
[TimeControl "120+12"]

1. e4 e5 2. Nc3 Nf6 3. Bc4 Nxe4 4. Qh5 Nd6 5. Bb3 Nc6 6. Nb5 g6 7. Qf3 f5 8.
Qd5 Qe7 9. Nxc7+ Kd8 10. Nxa8 b6 11. d3 Bg7 12. Nh3 Bb7 13. Bg5 Bf6 14. Nxb6
axb6 15. g3 Nd4 16. Qxb7 Nxb7 17. Be3 Nc5 18. O-O g5 19. Bxd4 g4 20. Bxc5
bxc5 21. Kg2 h5 22. Ng1 h4 23. Rfe1 h3+ 24. Kh1 Qd6 25. Re3 Qc6+ 26. f3 f4
27. Re4 fxg3 28. hxg3 h2 29. fxg4 hxg1=Q+ 30. Kxg1 Qb6 31. Kg2 Qb7 32. a3 d5
33. Re3 c4 34. g5 d4+ 35. Rf3 Bxg5 36. dxc4 e4 37. Rf5 e3+ 38. Rd5+ Kc8 39.
Rf1 Qh7 40. Rc5+ Kd8 41. Rd5+ Kc7 42. Rc5+ Kb6 43. Rb5+ Ka6 44. Kf3 Qh5+ 45.
Ke4 e2 46. Re1 Bd2 47. Rxh5 Re8+ 48. Kxd4 Bxe1 49. Rh6+ Ka7 50. Kd5 Bxg3 51.
Rh1 e1=Q 52. Rxe1 Bxe1 53. c5 Kb7 54. c6+ Kc7 55. a4 Rd8+ 56. Ke4 Kxc6 57.
Ke3 Kb6 58. Ke2 Bh4 59. c3 Ka5 60. Bc2 Be7 61. b4+ Bxb4 62. cxb4+ Kxb4 63.
Ke3 Kc3 64. Be4 Rc8 65. a5 Rc7 66. a6 Ra7 67. Bd3 Re7+ 68. Be4 Ra7 69. Bd3
Rxa6 70. Bxa6 {Game drawn because neither player has mating material}
1/2-1/2

[Event "GambitGuide"]
[Site "Internet Chess Club"]
[Date "2014.10.31"]
[Round "1"]
[White "JSBach"]
[Black "Drunxican"]
[Result "1-0"]
[ICCResult "Black resigns"]
[WhiteElo "1736"]
[BlackElo "1518"]
[Opening "Vienna: `Frankenstein-Dracula' variation"]
[ECO "C27"]
[NIC "VG.02"]
[Time "19:00:00"]
[TimeControl "120+12"]

1. e4 e5 2. Nc3 Nf6 3. Bc4 Nxe4 4. Qh5 Nd6 5. Bb3 Nc6 6. Nb5 g6 7. Qf3 f5 8.
Qd5 Qe7 9. Nxc7+ Kd8 10. Nxa8 b6 11. d3 Bb7 12. Nxb6 axb6 13. Qf3 e4 14. Qe3
Bg7 15. Qxb6+ Kc8 16. Ne2 Re8 17. d4 h6 18. Bf4 g5 19. Bxd6 Qxd6 20. c3 f4
21. d5 Ne5 22. Qxd6 {Black resigns} 1-0

[Event "GambitGuide"]
[Site "Internet Chess Club"]
[Date "2014.10.31"]
[Round "1"]
[White "JSBach"]
[Black "sibirica"]
[Result "0-1"]
[ICCResult "White checkmated"]
[WhiteElo "1736"]
[BlackElo "2349"]
[Opening "Vienna: `Frankenstein-Dracula' variation"]
[ECO "C27"]
[NIC "VG.02"]
[Time "19:00:16"]
[TimeControl "120+12"]

1. e4 e5 2. Nc3 Nf6 3. Bc4 Nxe4 4. Qh5 Nd6 5. Bb3 Nc6 6. Nb5 g6 7. Qf3 f5 8.
Qd5 Qe7 9. Nxc7+ Kd8 10. Nxa8 b6 11. d3 Bb7 12. Nxb6 axb6 13. Qf3 Nd4 14.
Qg3 f4 15. Qg4 Qf6 16. Ba4 b5 17. Bb3 h5 18. Qh3 g5 19. Bd2 g4 20. Ba5+ Ke7
21. c3 gxh3 22. Nxh3 Nxb3 23. axb3 Bxg2 24. O-O-O Bxh3 25. Rhg1 Bh6 26. Kc2
f3 27. Rg3 Bg2 28. d4 e4 29. Rg1 h4 30. R3xg2 fxg2 31. Rxg2 Rf8 32. h3 Qxf2+
33. Rxf2 Rxf2+ 34. Kd1 e3 35. Bb6 Rd2+ 36. Ke1 Ne4 37. Ba5 Nf2 38. Bb4+ Ke6
39. d5+ Kxd5 40. c4+ Ke4 41. Kf1 bxc4 42. bxc4 Rxb2 43. Be7 Kf3 44. Bb4 Rxb4
45. Kg1 Rb1+ 46. Kh2 Bf4# {White checkmated} 0-1

[Event "GambitGuide"]
[Site "Internet Chess Club"]
[Date "2014.10.31"]
[Round "1"]
[White "JSBach"]
[Black "franco"]
[Result "1-0"]
[ICCResult "Black resigns"]
[WhiteElo "1736"]
[BlackElo "1417"]
[Opening "Vienna: `Frankenstein-Dracula' variation"]
[ECO "C27"]
[NIC "VG.02"]
[Time "18:56:52"]
[TimeControl "120+12"]

1. e4 e5 2. Nc3 Nf6 3. Bc4 Nxe4 4. Qh5 Nd6 5. Bb3 Nc6 6. Nb5 g6 7. Qf3 f5 8.
Qd5 Qe7 9. Nxc7+ Kd8 10. Nxa8 b6 11. d3 Bb7 12. Nxb6 axb6 13. Qf3 Kc7 14.
Be3 Bg7 15. Bd5 Re8 16. c3 e4 17. dxe4 fxe4 18. Qh3 Nf5 19. Rd1 Nxe3 20.
Qxe3 Qe5 21. Ne2 Ne7 22. Bxb7 Kxb7 23. Rxd7+ Kc6 24. Rd4 Qc5 25. Qxe4+ Kc7
26. Rd3 Qc6 27. Qf4+ Kb7 28. O-O Nf5 29. Re1 Bh6 30. Qg4 Qe4 31. Rd7+ Kc6
32. Qxe4+ Rxe4 33. Rxh7 Bd2 34. f3 Re6 35. Kf2 Be3+ 36. Kf1 Bd2 37. Rb1 Ne3+
38. Kf2 Nf5 39. Rd1 Be3+ 40. Ke1 Bc5 41. b4 Be3 42. g4 Nd6 43. Kf1 g5 44. h4
gxh4 45. Rxh4 Bg5 46. Nd4+ Kd7 47. Nxe6 Kxe6 48. Rh5 Bf6 49. g5 Bg7 50. Rh6+
Kd7 51. Rhxd6+ {Black resigns} 1-0

[Event "GambitGuide"]
[Site "Internet Chess Club"]
[Date "2014.10.31"]
[Round "1"]
[White "JSBach"]
[Black "sibirica"]
[Result "0-1"]
[ICCResult "White checkmated"]
[WhiteElo "1736"]
[BlackElo "2349"]
[Opening "Vienna: `Frankenstein-Dracula' variation"]
[ECO "C27"]
[NIC "VG.02"]
[Time "19:01:03"]
[TimeControl "120+12"]

1. e4 e5 2. Nc3 Nf6 3. Bc4 Nxe4 4. Qh5 Nd6 5. Bb3 Nc6 6. Nb5 g6 7. Qf3 f5 8.
Qd5 Qe7 9. Nxc7+ Kd8 10. Nxa8 b6 11. d3 Bb7 12. Nxb6 axb6 13. Qf3 Nd4 14.
Qg3 f4 15. Qg4 Qf6 16. Ba4 b5 17. Bb3 h5 18. Qh3 g5 19. Bd2 g4 20. Ba5+ Ke7
21. c3 Nxb3 22. axb3 gxh3 23. Ne2 hxg2 24. Rg1 f3 25. Ng3 h4 26. Ne4 Nxe4
27. dxe4 Bxe4 28. c4 Bh6 29. Bb4+ Kf7 30. cxb5 Qb6 31. Rd1 Qxb5 32. Rxd7+
Qxd7 33. Bc3 Qd3 34. Bxe5 Qe2# {White checkmated} 0-1

[Event "GambitGuide"]
[Site "Internet Chess Club"]
[Date "2014.10.31"]
[Round "1"]
[White "JSBach"]
[Black "Drunxican"]
[Result "0-1"]
[ICCResult "White checkmated"]
[WhiteElo "1736"]
[BlackElo "1518"]
[Opening "Vienna: `Frankenstein-Dracula' variation"]
[ECO "C27"]
[NIC "VG.02"]
[Time "19:00:39"]
[TimeControl "120+12"]

1. e4 e5 2. Nc3 Nf6 3. Bc4 Nxe4 4. Qh5 Nd6 5. Bb3 Nc6 6. Nb5 g6 7. Qf3 f5 8.
Qd5 Qe7 9. Nxc7+ Kd8 10. Nxa8 b6 11. d3 Bb7 12. Nxb6 axb6 13. Qf3 Nd4 14.
Qg3 h6 15. Qxg6 e4 16. Be3 Bg7 17. c3 Nc6 18. dxe4 Nxe4 19. Rd1 Ne5 20.
Bxb6+ Kc8 21. Qxf5 Rf8 22. Qh3 Nxf2 23. Bxf2 Nd3+ 24. Kd2 Rxf2+ 25. Kxd3
Qe4# {White checkmated} 0-1

[Event "GambitGuide"]
[Site "Internet Chess Club"]
[Date "2014.10.31"]
[Round "1"]
[White "JSBach"]
[Black "Blima"]
[Result "1/2-1/2"]
[ICCResult "Game drawn by repetition"]
[WhiteElo "1736"]
[BlackElo "2199"]
[Opening "Vienna: `Frankenstein-Dracula' variation"]
[ECO "C27"]
[NIC "VG.02"]
[Time "18:58:53"]
[TimeControl "120+12"]

1. e4 e5 2. Nc3 Nf6 3. Bc4 Nxe4 4. Qh5 Nd6 5. Bb3 Nc6 6. Nb5 g6 7. Qf3 f5 8.
Qd5 Qe7 9. Nxc7+ Kd8 10. Nxa8 b6 11. d3 e4 12. dxe4 Nxe4 13. Be3 f4 14. Nxb6
fxe3 15. O-O-O Nxf2 16. Qxc6 axb6 17. Qxb6+ Ke8 18. Qc7 Nxd1 19. Qxc8+ Qd8
20. Qxd8+ Kxd8 21. Kxd1 Bg7 22. Ke2 Bxb2 23. Kxe3 Re8+ 24. Kd3 Re1 25. a4
Ba3 26. Kd2 Ra1 27. c4 Bc5 28. Bd1 Ra2+ 29. Bc2 Ra1 30. Bd1 Ra2+ 31. Bc2 Ra1
32. Bd1 Ra2+ 33. Bc2 Ra1 34. Bd1 {Game drawn by repetition} 1/2-1/2

[Event "GambitGuide"]
[Site "Internet Chess Club"]
[Date "2014.10.31"]
[Round "1"]
[White "JSBach"]
[Black "sibirica"]
[Result "0-1"]
[ICCResult "White checkmated"]
[WhiteElo "1736"]
[BlackElo "2349"]
[Opening "Vienna: `Frankenstein-Dracula' variation"]
[ECO "C27"]
[NIC "VG.02"]
[Time "19:01:36"]
[TimeControl "120+12"]

1. e4 e5 2. Nc3 Nf6 3. Bc4 Nxe4 4. Qh5 Nd6 5. Bb3 Nc6 6. Nb5 g6 7. Qf3 f5 8.
Qd5 Qe7 9. Nxc7+ Kd8 10. Nxa8 b6 11. d3 Bb7 12. Nxb6 axb6 13. Qf3 Nd4 14.
Qg3 f4 15. Qg4 Qf6 16. Ba4 b5 17. Bb3 h5 18. Qh3 g5 19. Bd2 g4 20. Ba5+ Ke7
21. c3 gxh3 22. Nxh3 Nxb3 23. axb3 Bxg2 24. Rg1 Bxh3 25. Bc7 Bh6 26. Ra6 Bf5
27. Bxd6+ Qxd6 28. Rxd6 Kxd6 29. Kd2 f3+ 30. Kc2 Rf8 31. h4 Rf6 32. Rg3 Rg6
33. Rxf3 Ke6 34. c4 e4 35. Rxf5 Kxf5 36. dxe4+ Kxe4 37. cxb5 Rb6 38. Kb1
Rxb5 39. Kc2 Rb4 40. Kb1 Bg7 41. Ka2 d5 42. f4 Kxf4 43. Ka1 Rxb3 44. Ka2
Rxb2+ 45. Ka1 Rh2+ 46. Kb1 d4 47. Kc1 d3 48. Kd1 Ke3 49. Ke1 Rh1#
{White checkmated}
0-1

[Event "GambitGuide"]
[Site "Internet Chess Club"]
[Date "2014.10.31"]
[Round "1"]
[White "JSBach"]
[Black "sibirica"]
[Result "0-1"]
[ICCResult "White checkmated"]
[WhiteElo "1736"]
[BlackElo "2349"]
[Opening "Vienna: `Frankenstein-Dracula' variation"]
[ECO "C27"]
[NIC "VG.02"]
[Time "19:02:29"]
[TimeControl "120+12"]

1. e4 e5 2. Nc3 Nf6 3. Bc4 Nxe4 4. Qh5 Nd6 5. Bb3 Nc6 6. Nb5 g6 7. Qf3 f5 8.
Qd5 Qe7 9. Nxc7+ Kd8 10. Nxa8 b6 11. d3 Bb7 12. Nxb6 axb6 13. Qf3 Nd4 14.
Qg3 f4 15. Qg4 Qf6 16. Ba4 b5 17. Bb3 h5 18. Qh3 g5 19. Bd2 g4 20. Ba5+ Ke7
21. c3 Nxb3 22. axb3 gxh3 23. Ne2 hxg2 24. Rg1 f3 25. Ng3 h4 26. Ne4 Nxe4
27. dxe4 Bxe4 28. c4 Kf7 29. cxb5 Bc5 30. Rc1 Qd6 31. Rc4 Qd3 32. Rxe4 Qxe4+
33. Kd2 Qe2+ 34. Kc3 Qxf2 35. Ra1 g1=Q 36. Rxg1 Qxg1 37. Kc2 f2 38. b4 f1=Q
39. bxc5 Qc4+ 40. Bc3 Qe3 41. Kb1 Qed3+ 42. Kc1 Rg8 43. c6 Rg1#
{White checkmated}
0-1

[Event "GambitGuide"]
[Site "Internet Chess Club"]
[Date "2014.10.31"]
[Round "1"]
[White "JSBach"]
[Black "imortaliss"]
[Result "1-0"]
[ICCResult "Black resigns"]
[WhiteElo "1736"]
[BlackElo "2010"]
[Opening "Vienna: `Frankenstein-Dracula' variation"]
[ECO "C27"]
[NIC "VG.02"]
[Time "19:00:21"]
[TimeControl "120+12"]

1. e4 e5 2. Nc3 Nf6 3. Bc4 Nxe4 4. Qh5 Nd6 5. Bb3 Nc6 6. Nb5 g6 7. Qf3 f5 8.
Qd5 Qe7 9. Nxc7+ Kd8 10. Nxa8 b6 11. d3 Bg7 12. Nh3 Bb7 13. Bg5 Bf6 14. Nxb6
axb6 15. g3 Nd4 16. Qxb7 Nxb7 17. Be3 Nc5 18. O-O Nf3+ 19. Kh1 g5 20. Bd5 g4
21. Ng1 Ng5 22. Rae1 h5 23. Bxg5 Bxg5 24. d4 e4 25. dxc5 Qxc5 26. c4 h4 27.
Ne2 b5 28. b3 bxc4 29. Bxc4 Qc6 30. Nd4 Qf6 31. Nb5 Bd2 32. Re2 e3 33. fxe3
Qc6+ 34. Kg1 Bb4 35. gxh4 Rxh4 36. Nd4 Qb6 37. Nxf5 Rh3 38. a3 Bc5 39. Bd5
Bxe3+ 40. Kh1 Qa5 41. Nxe3 Rxe3 42. Rf8+ Ke7 43. Rf7+ Kd6 44. Rf6+ Kc7 45.
Rxe3 Qxd5+ 46. Kg1 Qd4 47. Kf2 Qxf6+ 48. Kg2 Qb2+ 49. Kg3 Qxa3 50. Kxg4 Qb4+
51. Kf3 Qh4 52. Rc3+ Kd6 53. Rd3+ Ke5 54. Kg2 Qe4+ 55. Rf3 d5 56. h3 d4 57.
Kf2 d3 58. Re3 {Black resigns} 1-0

[Event "GambitGuide"]
[Site "Internet Chess Club"]
[Date "2014.10.31"]
[Round "1"]
[White "JSBach"]
[Black "losscause"]
[Result "1-0"]
[ICCResult "Black resigns"]
[WhiteElo "1736"]
[BlackElo "1290"]
[Opening "Vienna: `Frankenstein-Dracula' variation"]
[ECO "C27"]
[NIC "VG.02"]
[Time "19:02:48"]
[TimeControl "120+12"]

1. e4 e5 2. Nc3 Nf6 3. Bc4 Nxe4 4. Qh5 Nd6 5. Bb3 Nc6 6. Nb5 g6 7. Qf3 f5 8.
Qd5 Qe7 9. Nxc7+ Kd8 10. Nxa8 b6 11. d3 Bb7 12. Nxb6 axb6 13. Qf3 Nd4 14.
Qh3 e4 15. Be3 exd3 16. O-O-O Ne2+ 17. Nxe2 dxe2 18. Rde1 Bg7 19. Rxe2 Qf6
20. c4 Ne4 21. f3 Nc3 22. bxc3 Qxc3+ 23. Kd1 Qa1+ 24. Bc1 {Black resigns}
1-0

[Event "GambitGuide"]
[Site "Internet Chess Club"]
[Date "2014.10.31"]
[Round "1"]
[White "JSBach"]
[Black "losscause"]
[Result "1-0"]
[ICCResult "Black resigns"]
[WhiteElo "1751"]
[BlackElo "1290"]
[Opening "Vienna: `Frankenstein-Dracula' variation"]
[ECO "C27"]
[NIC "VG.02"]
[Time "19:04:23"]
[TimeControl "120+12"]

1. e4 e5 2. Nc3 Nf6 3. Bc4 Nxe4 4. Qh5 Nd6 5. Bb3 Nc6 6. Nb5 g6 7. Qf3 f5 8.
Qd5 Qe7 9. Nxc7+ Kd8 10. Nxa8 b6 11. d3 Bb7 12. Nxb6 axb6 13. Qf3 e4 14. Qe3
Kc7 15. Ne2 Nb5 16. a4 Qb4+ 17. Bd2 Qe7 18. axb5 {Black resigns} 1-0

[Event "GambitGuide"]
[Site "Internet Chess Club"]
[Date "2014.10.31"]
[Round "1"]
[White "JSBach"]
[Black "sibirica"]
[Result "1-0"]
[ICCResult "Black resigns"]
[WhiteElo "1751"]
[BlackElo "2349"]
[Opening "Vienna: `Frankenstein-Dracula' variation"]
[ECO "C27"]
[NIC "VG.02"]
[Time "19:03:12"]
[TimeControl "120+12"]

1. e4 e5 2. Nc3 Nf6 3. Bc4 Nxe4 4. Qh5 Nd6 5. Bb3 Nc6 6. Nb5 g6 7. Qf3 f5 8.
Qd5 Qe7 9. Nxc7+ Kd8 10. Nxa8 b6 11. d3 Bb7 12. Nxb6 axb6 13. Qf3 Nd4 14.
Qh3 g5 15. Be3 g4 16. Qh5 f4 17. Bxd4 exd4+ 18. Kf1 Qg7 19. Re1 Be7 20. Ne2
f3 21. gxf3 Bxf3 22. Rg1 Rf8 23. Rg3 Nf5 24. Rxf3 gxf3 25. Ng3 Qh6 26. Qxh6
Nxh6 27. Re4 Nf5 28. Nxf5 Rxf5 29. Rxd4 Rh5 30. Be6 Rxh2 31. Rxd7+ Ke8 32.
Kg1 Rg2+ 33. Kf1 Bh4 34. Rxh7 Rxf2+ 35. Kg1 Bg3 36. Rg7 Rg2+ 37. Kf1 Rf2+
38. Kg1 Rg2+ 39. Kf1 Kf8 40. Rf7+ Ke8 41. Rxf3 Rxc2 42. Rxg3 Rxb2 43. Rg7
Rd2 44. Bc4 Rb2 45. d4 Rd2 46. d5 Rd4 47. Bb3 Kd8 48. Ke1 b5 49. Rh7 Ke8 50.
Rc7 Kd8 51. Rh7 Ke8 52. Rg7 Kd8 53. Rf7 Ke8 54. Rg7 Kd8 55. Kf2 Ke8 56. Kf3
Kd8 57. Ke3 Rb4 58. d6 Rh4 59. Be6 Rh8 60. Rb7 Rh3+ 61. Bxh3 {Black resigns}
1-0

[Event "GambitGuide"]
[Site "Internet Chess Club"]
[Date "2014.10.31"]
[Round "1"]
[White "JSBach"]
[Black "sibirica"]
[Result "0-1"]
[ICCResult "White checkmated"]
[WhiteElo "1751"]
[BlackElo "2349"]
[Opening "Vienna: `Frankenstein-Dracula' variation"]
[ECO "C27"]
[NIC "VG.02"]
[Time "19:05:14"]
[TimeControl "120+12"]

1. e4 e5 2. Nc3 Nf6 3. Bc4 Nxe4 4. Qh5 Nd6 5. Bb3 Nc6 6. Nb5 g6 7. Qf3 f5 8.
Qd5 Qe7 9. Nxc7+ Kd8 10. Nxa8 b6 11. d3 Bb7 12. Nxb6 axb6 13. Qf3 Nd4 14.
Qg3 f4 15. Qg4 Qf6 16. Ba4 b5 17. Bb3 h5 18. Qh3 g5 19. Bd2 g4 20. Ba5+ Ke7
21. c3 Nxb3 22. axb3 gxh3 23. Ne2 hxg2 24. Rg1 f3 25. Ng3 h4 26. Ne4 Nxe4
27. dxe4 Bxe4 28. c4 Kf7 29. cxb5 Bc5 30. Rc1 Qd6 31. Rc4 Qd3 32. Rxe4 Qxe4+
33. Kd2 Qd4+ 34. Kc1 Qxf2 35. Re1 Qxe1+ 36. Bxe1 g1=Q 37. Kc2 Qxe1 38. b4
Rc8 39. bxc5 Rxc5+ 40. Kb3 Qd2 41. Ka3 Qa5+ 42. Kb3 Qxb5+ 43. Ka3 Rc4 44. b3
Rc3 45. Kb2 Qxb3+ 46. Ka1 Rc1# {White checkmated} 0-1

[Event "GambitGuide"]
[Site "Internet Chess Club"]
[Date "2014.10.31"]
[Round "1"]
[White "JSBach"]
[Black "franco"]
[Result "1/2-1/2"]
[ICCResult "Game drawn by repetition"]
[WhiteElo "1751"]
[BlackElo "1417"]
[Opening "Vienna: `Frankenstein-Dracula' variation"]
[ECO "C27"]
[NIC "VG.02"]
[Time "19:01:14"]
[TimeControl "120+12"]

1. e4 e5 2. Nc3 Nf6 3. Bc4 Nxe4 4. Qh5 Nd6 5. Bb3 Nc6 6. Nb5 g6 7. Qf3 f5 8.
Qd5 Qe7 9. Nxc7+ Kd8 10. Nxa8 b6 11. d3 Bb7 12. Nxb6 axb6 13. Qf3 Kc7 14.
Bd2 Bg7 15. c3 Re8 16. Qh3 Bf6 17. Bd5 e4 18. d4 e3 19. fxe3 Ne4 20. Bc1 Ng5
21. Qg3+ Qd6 22. Ne2 Qxg3+ 23. Nxg3 f4 24. O-O fxg3 25. Rxf6 gxh2+ 26. Kxh2
Re7 27. Rf8 Ne4 28. Kh3 Ng5+ 29. Kg4 Ne4 30. Kh4 Na5 31. Bxb7 Nxb7 32. c4
Nbd6 33. b3 Nf5+ 34. Kg4 Nf2+ 35. Kg5 Ne4+ 36. Kf4 Ned6 37. c5 bxc5 38. dxc5
Ne4 39. b4 Nf2 40. Bd2 Nd3+ 41. Kf3 Nh4+ 42. Ke2 Ne5 43. g3 Nf5 44. Rg1 Nc4
45. a4 Nxd2 46. Kxd2 Rxe3 47. Rxf5 Rb3 48. Rf4 Rb2+ 49. Kc3 Re2 50. Rf7 Re3+
51. Kd4 Rb3 52. Kc4 Rb2 53. Rd1 Rc2+ 54. Kb3 Rg2 55. Rdxd7+ Kc8 56. Rc7+ Kd8
57. Rcd7+ Ke8 58. Rde7+ Kd8 59. Rd7+ Ke8 60. Rfe7+ Kf8 61. Rf7+ Ke8 62.
Rfe7+ Kf8 63. Rf7+ Ke8 {Game drawn by repetition} 1/2-1/2